 Seeded DCSS version 0.31-a0-507-gbafd7f5274 (webtiles) character file.

Game seed: 7415222406553760909 (custom seed)

65 innerfire43 the Changeling (level 3, -1/27 HPs)
             Began as a Demigod Shapeshifter on Aug 9, 2023.
             Slain by a hobgoblin (6 damage)
             ... led by Robin
             ... on level 3 of the Dungeon.
             The game lasted 00:02:07 (1155 turns).

innerfire43 the Changeling (Demigod Shapeshifter)   Turns: 1155, Time: 00:02:07

Health: -1/27      AC:  2    Str: 20    XL:     3   Next: 67%
Magic:  5/5        EV: 12    Int: 10    God:
Gold:   70         SH:  0    Dex: 14    Spells: 2/2 levels left

rFire   . .          .
                       - Unarmed
rCold   . . .        (no shield)
rNeg    . . .        a - +0 animal skin
rPois   .            (helmet currently unavailable)
rElec   .            (cloak currently unavailable)
rCorr   .            (gloves currently unavailable)
SInv    .            (boots currently unavailable)
Will    .....        (no amulet)
Stlth   +            e - ring of wizardry
HPRegen 0.24/turn    i - ring of wizardry
MPRegen 0.09/turn

%: wizardry (x2)
@: beast-form
A: beast (slay +2), high MP 1, forlorn, divine attributes
a: Begin Untransformation


You were on level 3 of the Dungeon.
You were a hulking beast.
You visited 1 branch of the dungeon, and saw 3 of its levels.

You collected 70 gold pieces.

Inventory:

Armour
 a - a +0 animal skin (worn)
Jewellery
 e - a ring of wizardry (left hand)
 f - a ring of positive energy
 i - a ring of wizardry (right hand)
Talismans
 c - a beast talisman (active)
 d - a flux talisman
Scrolls
 g - a scroll of teleportation {unknown}
 j - a scroll of identify {unknown}
 k - a scroll of poison {unknown}
Potions
 b - 2 potions of lignification
 h - a potion of curing


   Skills:
 - Level 0.8 Fighting
 - Level 1.7 Dodging
 - Level 2.6 Unarmed Combat
 * Level 4.0 Shapeshifting


You had 2 spell levels left.
You didn't know any spells.
Your spell library was empty.

Dungeon Overview and Level Annotations

Branches:
Dungeon (3/15)

Shops:
D:1 ?

Annotations:
D:2 Robin


Innate Abilities, Weirdness & Mutations

You are a hulking beast.
Your limbs bulge with bestial killing power. (Slay +2)
You have an increased reservoir of magic. (+10% MP)
You shall have no god before yourself.
Your divine heritage dramatically boosts your attributes as you level up.


Message History

The adder is almost dead.
You feel sick. The adder bites you.
You hit the adder.
You kill the adder!
You feel sick.
Your Shapeshifting skill increases to level 4!
You feel sick.
You are no longer poisoned.
You see here an adder corpse.
You see here an adder corpse.
There is a stone staircase leading up, spattered with blood here.
You see here a +0 dagger.
You climb upwards.
Level annotation: Robin The hobgoblin closely misses you.
The goblin closely misses you. The hobgoblin barely misses you.
Robin throws the goblin at you! The hobgoblin hits you. The goblin misses you.
The goblin closely misses you. The goblin hits you with a +0 dagger.
The hobgoblin closely misses you.
There is a stone staircase leading down here.
Robin roars a battlecry!
The goblins go into a battle-frenzy!
The goblin barely misses you. The hobgoblin hits you.
The goblin barely misses you. The hobgoblin misses you.
The goblin hits you with a +0 club.
You climb downwards.
There is a stone staircase leading up, spattered with blood here.
You see here a +0 dagger.
You closely miss the hobgoblin. The hobgoblin hits you.
The hobgoblin misses you. The goblin misses you.
The goblin hits you with a +0 dagger. The goblin closely misses you.
You closely miss the hobgoblin. The hobgoblin hits you.
The goblin barely misses you. The hobgoblin barely misses you.
The goblin hits you with a +0 dagger.
* * * LOW HITPOINT WARNING * * *
The goblin closely misses you.
Unknown command.
You hit the hobgoblin.
The hobgoblin is almost dead.
The hobgoblin hits you.
You die...

#.. .. .. .
######.##
#.#.†.....#
#####.#.#####.#
...........#
........†g.##.#
.......ghg....#
.......g.g.####
..............
#...##........#
#... #.####...#
#.. #. ...# #.
.. ...# ###
...#


You could see 2 hobgoblins and 3 goblins.

Vanquished Creatures
  2 adders (D:3)
  A worm (D:2)
  A dart slug (D:2)
  2 bats (D:1)
  2 giant cockroaches (D:1)
  8 goblins
  2 hobgoblins (D:1)
  6 jackals (D:1)
  4 quokkas
  2 ball pythons (D:1)
  2 frilled lizards (D:1)
  3 kobolds
  3 rats
38 creatures vanquished.

Notes
Turn   | Place    | Note
-------+----------+-------------------------------------------
     0 | D:1      | innerfire43 the Demigod Shapeshifter began the quest for
                  | the Orb.
     0 | D:1      | Reached XP level 1. HP: 15/15 MP: 3/3
    71 | D:1      | Reached skill level 3 in Shapeshifting
    93 | D:1      | Reached XP level 2. HP: 9/22 MP: 4/4
   486 | D:1      | Found Onoqawk's Magic Scroll Emporium.
   733 | D:2      | Reached XP level 3. HP: 17/27 MP: 5/5
  1001 | D:2      | Noticed Robin
  1100 | D:3      | Reached skill level 4 in Shapeshifting
  1155 | D:3      | Slain by a hobgoblin

Illustrated notes

Levels and vault maps discovered:
D:1:      spicycebolla_green_bress_n_ham_2, layout_rooms, serial_shops, shop,
          minmay_misc_feat_hallway
D:2:      layout_basic, uniq_robin
D:3:      minmay_evil_eye, layout_basic,
          mainiacjoe_overflow_concentric_impassable, lemuel_tele_altar,
          gammafunk_temple_overflow_arena, nemelex_altar_shiori,
          kennysheep_generic_room_6

Skill      XL: |  1  2  3 |
---------------+----------+-----
Shapeshifting  | 3 4 |  4.0
Fighting       | |  0.8
Dodging        | |  1.7
Unarmed Combat | |  2.6

Action                     || total
---------------------------++-------
  Melee: Unarmed           ||   107
         Punch             ||     1
    Use: Potion            ||     1
 Armour: Animal skin       ||    21
  Dodge: Dodged            ||    79

Table legend: (Time is in decaauts)
 A = Elapsed time spent in this place.
 B = Non-inter-level travel time spent in this place.
 C = Inter-level travel time spent in this place.
 D = Time resting spent in this place.
 E = Time spent auto-exploring this place.
 F = Levels seen in this place.
 G = Mean time per level.
                   A        B        C        D        E       F      G
               +--------+--------+--------+--------+--------+-----+--------+
         Total |   1150 |   1117 |     33 |      0 |    855 |   3 |  383.3 |
       Dungeon |   1150 |   1117 |     33 |      0 |    855 |   3 |  383.3 |
               +--------+--------+--------+--------+--------+-----+--------+

Top non-repeatable levels by time:
     D:1: 633 daAuts
     D:2: 373 daAuts
     D:3: 143 daAuts
